 Dungeon Crawl Stone Soup version 0.22.1-2-g9c5b331383 (webtiles) character file.

1298 Descartes the Ruffian (level 8, -6/38 HPs)
             Began as a Vine Stalker Transmuter on Nov 15, 2018.
             Killed from afar by an orc wizard (13 damage)
             ... with an exploding inner flame
             ... hexed by the player character
             ... on level 5 of the Dungeon.
             The game lasted 00:22:18 (3931 turns).

Descartes the Ruffian (Vine Stalker Transmuter)     Turns: 3931, Time: 00:22:18

Health: -6/38      AC: 18    Str: 20    XL:     8   Next: 56%
Magic:  0/22       EV: 19    Int: 14    God:
Gold:   181        SH:  0    Dex: 19    Spells: 9/12 levels left

rFire    . . .     SeeInvis .     - Unarmed
rCold    . . .     Gourm    +   (no shield)
rNeg     . . .     Faith    .   y - +2 ring mail {rPois}
rPois    +         Spirit   +   (no helmet)
rElec    .         Reflect  .   (no cloak)
rCorr    .         Harm     .   (no gloves)
MR       +....                  (no boots)
Stlth    +.........             c - amulet of the gourmand
HPRegen  0.52/turn              q - ring of magical power
MPRegen  0.18/turn              o - +4 ring of protection

@: confused, mighty, agile
A: fangs 3, icy blue scales 1, iridescent scales 1, slimy green scales 1,
regeneration 1, shaggy fur 1, magic shield, antimagic bite, no potion heal 3,
rot immunity
a: no special abilities


You were on level 5 of the Dungeon.
You were completely stuffed.

You visited 1 branch of the dungeon, and saw 5 of its levels.

You collected 181 gold pieces.

Inventory:

Hand Weapons
 r - a +2 flail of protection
 B - a +0 club
Missiles
 a - 55 arrows
 b - 5 tomahawks
 f - 25 poisoned needles (quivered)
 g - 59 sling bullets
 k - 200 stones
Armour
 p - a +1 leather armour of cold resistance
 y - a +2 ring mail of poison resistance (worn)
Jewellery
 c - an amulet of the gourmand (around neck)
 e - a +3 ring of strength
 l - an uncursed ring of poison resistance
 o - a +4 ring of protection (right hand)
 q - a ring of magical power (left hand)
 t - an uncursed ring of fire
 z - an uncursed ring of positive energy
Scrolls
 j - a scroll of magic mapping {unknown}
 m - a scroll of immolation
 u - 3 scrolls of remove curse
 v - a scroll of fear {unknown}
 w - a scroll of identify
Potions
 i - a potion of ambrosia
 x - a potion of might
 A - a potion of mutation
 C - a potion of cancellation {unknown}
Comestibles
 d - 9 rations


   Skills:
 + Level 1.6 Fighting
 + Level 4.2 Dodging
 * Level 7.6 Unarmed Combat
 + Level 2.7 Spellcasting
 + Level 5.2 Transmutations


You had 9 spell levels left.
You knew the following spells:

 Your Spells              Type           Power        Failure   Level  Hunger
a - Beastly Appendage     Tmut           ###...       4%          1    #......
b - Sticks to Snakes      Tmut           ###.....     7%          2    ###....

Your spell library contained the following spells:

 Spells                   Type           Power        Failure   Level  Hunger
 Spider Form              Tmut/Pois      #.........   36%         3    ###....
 Blade Hands              Tmut           ###.......   77%         5    ######.
 Ice Form                 Ice/Tmut       #.......     78%         4    #####..


Dungeon Overview and Level Annotations

Branches:
Dungeon (5/15)
 Temple: D:4-7

Altars:


Innate Abilities, Weirdness & Mutations

You have razor-sharp teeth.
Your natural rate of healing is unusually fast.
When hurt, damage is shared between your health and your magic reserves.
Your bite disrupts and absorbs the magic of your enemies.
Potions cannot restore your health.
You are immune to rotting.
You are partially covered in icy blue scales. (AC +2)
You are partially covered in iridescent scales. (AC +2)
You are partially covered in slimy green scales. (AC +2)
You are covered in fur. (AC +1)


Message History

An orc wizard comes into view. It is wielding a dagger.
The orc closely misses you.
You bump into the rock wall.
The orc wizard shouts!
You hear some strange, mumbled words.
Something tries to affect you, but you resist.
The worker ant zombie barely misses you.
The quokka completely misses you.
The orc throws a stone.
The stone misses you. Something hits you but does no damage.
You completely miss something. Your bite misses something.
Something hits you but does no damage.
The worker ant zombie bites you but does no damage.
The quokka bites you but does no damage.
The orc completely misses you.
The orc throws a stone.
You hear some strange, mumbled words.
A magic dart appears from out of thin air!
The magic dart hits you!
You punch the quokka!
The quokka explodes!
The fiery explosion engulfs something.
The fiery explosion engulfs you!
You die...

#...<....#...............
#........................
#........##..o...........
#.........#...o..........
#.o(o.o..............
#..##.O..#s#<#.#.....
....# #oo##.oo.÷......#
....[. ##(###Z#o#.###..#
..... ##.#§@{oo...# .....
#..§§#o#.#.## ....
#..§........# ....
#)...#.#.#.#.#
############... #.# ..


You could see a scorpion, 3 orc wizards, 4 orcs and a worker ant zombie (inner
flame).

Vanquished Creatures
  Sigmund (D:3)
  An ice beast (D:5)
  A phantom (D:4)
  3 ogres
  2 centaurs (D:5)
  Blork the orc (D:3)
  A scorpion (D:4)
  4 orc priests
  3 orc wizards
  Terence (D:3)
  A hound skeleton (D:5)
  5 adders
  3 oozes
  A worm (D:3)
  2 dart slugs (D:1)
  A leopard gecko (D:3)
  20 orcs
  8 bats
  2 giant cockroaches
  9 goblins
  9 hobgoblins
  6 jackals
  8 kobolds
  A quokka (D:3)
  2 ball pythons
  A ball python zombie (D:1)
  8 frilled lizards
  A jackal zombie (D:1)
  A leopard gecko skeleton (D:4)
  7 rats
114 creatures vanquished.

Vanquished Creatures (others)
  An orc priest (D:5)
1 creature vanquished.

Grand Total: 115 creatures vanquished

Notes
Turn   | Place    | Note
-------+----------+-------------------------------------------
     0 | D:1      | Descartes the Vine Stalker Transmuter began the quest for
                  | the Orb.
     0 | D:1      | Reached XP level 1. HP: 9/9 MP: 4/4
   121 | D:1      | Reached XP level 2. HP: 10/14 MP: 4/6
   688 | D:1      | Reached XP level 3. HP: 17/17 MP: 7/7
  2003 | D:3      | Learned a level 2 spell: Sticks to Snakes
  2044 | D:3      | Reached skill level 4 in Unarmed Combat
  2044 | D:3      | Gained mutation: Your natural rate of healing is unusually
                  | fast. [Vine Stalker growth]
  2044 | D:3      | Reached XP level 4. HP: 11/21 MP: 7/8
  2160 | D:3      | Noticed Terence
  2174 | D:3      | Killed Terence
  2366 | D:3      | Reached XP level 5. HP: 25/25 MP: 9/9
  2380 | D:3      | Gained mutation: You are covered in fur. (AC +1) [potion of
                  | mutation]
  2380 | D:3      | Gained mutation: You are partially covered in iridescent
                  | scales. (AC +2) [potion of mutation]
  2380 | D:3      | Gained mutation: You are partially covered in slimy green
                  | scales. (AC +2) [potion of mutation]
  2380 | D:3      | Gained mutation: You are partially covered in icy blue
                  | scales. (AC +2) [potion of mutation]
  2535 | D:3      | Noticed Sigmund
  2552 | D:3      | Killed Sigmund
  2552 | D:3      | Reached skill level 5 in Unarmed Combat
  2552 | D:3      | Reached XP level 6. HP: 29/29 MP: 10/10
  3244 | D:4      | Noticed Blork the orc
  3261 | D:4      | Reached XP level 7. HP: 16/32 MP: 10/11
  3284 | D:3      | Killed Blork the orc
  3284 | D:3      | Reached skill level 6 in Unarmed Combat
  3548 | D:4      | Gained mutation: You have razor-sharp teeth. [Vine Stalker
                  | growth]
  3548 | D:4      | Reached XP level 8. HP: 29/37 MP: 12/12
  3817 | D:5      | Entered Level 5 of the Dungeon
  3831 | D:5      | Reached skill level 7 in Unarmed Combat
  3871 | D:5      | Learned a level 5 spell: Blade Hands
  3903 | D:5      | Reached skill level 1 in Fighting
  3906 | D:5      | Reached skill level 5 in Transmutations
  3931 | D:5      | Killed from afar by an orc wizard

Skill      XL: |  1  2  3  4  5  6  7  8 |
---------------+-------------------------+-----
Dodging        | 2 3 4 |  4.2
Unarmed Combat | 4 5 6 7 |  7.6
Transmutations | 3 4 5 |  5.2
Fighting       | 1 |  1.6
Spellcasting   | |  2.7

Action                   |  1- 3 |  4- 6 |  7- 9 || total
-------------------------+-------+-------+-------++-------
Melee: Unarmed           |   104 |   162 |   131 ||   397
       Bite              |    22 |    25 |    30 ||    77
       Kick              |     5 |    11 |    16 ||    32
       Headbutt          |    10 |    19 |     8 ||    37
       Punch             |     3 |     2 |     4 ||     9
 Cast: Beastly Appendage |    30 |    19 |    10 ||    59
  Use: Scroll            |       |     5 |     3 ||     8
       Potion            |       |     1 |     2 ||     3
 Stab: Sleeping          |     2 |       |       ||     2
  Eat: Chunk             |    15 |     5 |     2 ||    22
Armor: Robe              |    10 |       |       ||    10
       Leather armour    |    20 |     3 |       ||    23
       Ring mail         |       |    54 |    94 ||   148
Dodge: Dodged            |    62 |    84 |   119 ||   265
